[ AOE2 MATCH · #504740708 ]
UnrankedWei vs Britons
Player's team · LOSS
Rival team · WIN
[ REPLAY ANALYSIS · EXTRACTED FROM THE RECORDED GAME ]
Feudal
9:16
Castle
19:07
Imperial
—
| APM avg | 56.8 |
| APM peak | 98 |
| eAPM avg | 26.3 |
| Villagers / military | 50 / 7 |
Focus
⚔️ 35.0% · 🌾 65.0%
Militia ×3 · Skirmisher ×3 · Spearman ×1
Feudal
11:45
Castle
16:59
Imperial
—
| APM avg | 69.3 |
| APM peak | 119 |
| eAPM avg | 31.1 |
| Villagers / military | 51 / 22 |
Focus
⚔️ 50.8% · 🌾 49.2%
Archer ×16 · Militia ×3 · Mangonel ×3
Match map
Initial resources + every placement click. Lines = walls · curves = elevation contours. ◆ gold · ⬟ stone · ● berries · ✦ relic · ◌ wall gap
Your base· Open — unwalled flank
Antymon's base· Open — 9t gap
Smoothed initial terrain · ◌ = detected wall gap · hover for details
Inputs per minute
— PNAL | Miller - - Antymon
Build order — PNAL | Miller
145 actions detected in the replay
| 0:01 | Queue | Villager (Male) |
| 0:02 | Queue | Villager (Male) |
| 0:02 | Queue | Villager (Male) |
| 0:03 | Build | House |
| 0:04 | Build | House |
| 0:07 | Queue | Villager (Male) |
| 0:07 | Queue | Villager (Male) |
| 1:26 | Queue | Villager (Male) |
| 1:26 | Queue | Villager (Male) |
| 1:26 | Queue | Villager (Male) |
| 1:50 | Build | Lumber Camp |
| 1:54 | Queue | Villager (Male) |
| 1:55 | Queue | Villager (Male) |
| 2:16 | Queue | Villager (Male) |
| 2:16 | Queue | Villager (Male) |
| 2:52 | Queue | Villager (Male) |
| 2:53 | Queue | Villager (Male) |
| 3:07 | Queue | Villager (Male) |
| 3:27 | Queue | Villager (Male) |
| 3:56 | Build | House |
| 3:57 | Build | House |
| 4:01 | Queue | Villager (Male) |
| 4:01 | Queue | Villager (Male) |
| 4:49 | Queue | Villager (Male) |
| 5:02 | Queue | Villager (Male) |
| 5:24 | Queue | Villager (Male) |
| 5:45 | Research | Loom |
| 5:50 | Queue | Villager (Male) |
| 5:51 | Research | Loom |
| 6:26 | Queue | Villager (Male) |
| 6:28 | Build | Mill |
| 6:58 | Research | Feudal Age |
| 7:10 | Build | Lumber Camp |
| 7:47 | Queue | Villager (Male) |
| 8:21 | Build | Barracks |
| 8:27 | Queue | Villager (Male) |
| 8:33 | Build | Palisade Wall |
| 8:37 | Build | Palisade Wall |
| 8:38 | Build | Palisade Wall |
| 9:01 | Build | Palisade Wall |
| 9:16 | Build | House |
| 9:16 | Age | Feudal Age |
| 9:19 | Queue | Militia |
| 9:20 | Queue | Militia |
| 9:20 | Queue | Militia |
| 9:25 | Queue | Villager (Male) |
| 9:26 | Research | Double-Bit Axe |
| 9:35 | Build | Palisade Wall |
| 9:36 | Build | Palisade Wall |
| 9:46 | Build | Archery Range |
| 9:58 | Queue | Villager (Male) |
| 9:59 | Build | Palisade Wall |
| 10:01 | Build | Palisade Wall |
| 10:08 | Build | House |
| 10:16 | Queue | Villager (Male) |
| 10:18 | Build | Palisade Wall |
| 10:19 | Build | Palisade Wall |
| 10:23 | Build | Palisade Wall |
| 10:29 | Research | Horse Collar |
| 10:31 | Queue | Villager (Male) |
| 10:35 | Queue | Skirmisher |
| 10:52 | Build | Farm |
| 10:53 | Queue | Skirmisher |
| 10:57 | Queue | Villager (Male) |
| 11:01 | Build | Palisade Wall |
| 11:03 | Queue | Villager (Male) |
| 11:10 | Build | Palisade Wall |
| 11:16 | Queue | Villager (Male) |
| 11:16 | Queue | Skirmisher |
| 11:22 | Build | House |
| 11:35 | Build | Farm |
| 11:37 | Build | Farm |
| 11:47 | Build | Farm |
| 12:01 | Build | House |
| 12:03 | Queue | Villager (Male) |
| 12:10 | Queue | Villager (Male) |
| 12:17 | Queue | Villager (Male) |
| 12:35 | Build | Farm |
| 12:35 | Build | Farm |
| 12:36 | Build | Farm |
| 12:36 | Build | Farm |
| 12:36 | Build | Farm |
| 12:36 | Build | Farm |
| 12:40 | Queue | Villager (Male) |
| 12:44 | Build | House |
| 12:52 | Build | Farm |
| 12:54 | Build | Farm |
| 12:55 | Build | Farm |
| 13:02 | Build | Farm |
| 13:04 | Queue | Villager (Male) |
| 13:24 | Research | Wheelbarrow |
| 13:24 | Research | Wheelbarrow |
| 13:30 | Build | Palisade Wall |
| 13:51 | Queue | Spearman |
| 13:57 | Build | Farm |
| 13:59 | Build | Farm |
| 14:14 | Build | Farm |
| 14:21 | Queue | Villager (Male) |
| 14:42 | Build | Mining Camp |
| 14:52 | Queue | Villager (Male) |
| 15:16 | Build | Palisade Wall |
| 15:20 | Build | House |
| 15:25 | Build | Palisade Gate |
| 15:27 | Build | Palisade Wall |
| 15:40 | Queue | Villager (Male) |
| 15:44 | Build | Market |
| 16:27 | Research | Castle Age |
| 16:27 | Research | Castle Age |
| 16:44 | Build | Stable |
| 16:54 | Build | Blacksmith |
| 17:00 | Build | Blacksmith |
| 17:07 | Build | Watch Tower |
| 17:14 | Queue | Villager (Male) |
| 17:32 | Research | Scale Barding Armor |
| 17:32 | Research | Bloodlines |
| 17:32 | Research | Bloodlines |
| 17:53 | Research | Gold Mining |
| 17:53 | Research | Stone Mining |
| 18:06 | Build | House |
| 18:23 | Build | House |
| 18:51 | Queue | Villager (Male) |
| 19:07 | Age | Castle Age |
| 19:19 | Build | Town Center |
| 19:22 | Queue | Villager (Male) |
| 19:35 | Build | Stone Wall |
| 19:40 | Research | Chain Barding Armor |
| 19:40 | Research | Chain Barding Armor |
| 19:40 | Research | Bloodlines |
| 19:41 | Research | Bloodlines |
| 19:41 | Research | Husbandry |
| 19:41 | Research | Husbandry |
| 20:00 | Research | Town Watch |
| 20:14 | Queue | Villager (Male) |
| 20:37 | Queue | Villager (Male) |
| 20:54 | Queue | Villager (Male) |
| 20:59 | Build | Town Center |
| 21:03 | Queue | Villager (Male) |
| 21:19 | Queue | Villager (Male) |
| 21:30 | Build | Siege Workshop |
| 21:32 | Build | House |
| 21:33 | Build | Stone Wall |
| 21:34 | Queue | Villager (Male) |
| 21:38 | Build | Stone Wall |
| 21:51 | Queue | Villager (Male) |
| 21:57 | Research | Forging |
Build order — Antymon
133 actions detected in the replay
| 0:00 | Queue | Villager (Male) |
| 0:00 | Queue | Villager (Male) |
| 0:01 | Queue | Villager (Male) |
| 0:02 | Build | House |
| 0:03 | Build | House |
| 0:11 | Queue | Villager (Male) |
| 1:17 | Queue | Villager (Male) |
| 1:17 | Queue | Villager (Male) |
| 1:40 | Queue | Villager (Male) |
| 1:45 | Build | Lumber Camp |
| 2:18 | Queue | Villager (Male) |
| 2:24 | Queue | Villager (Male) |
| 2:37 | Queue | Villager (Male) |
| 3:15 | Queue | Villager (Male) |
| 3:31 | Queue | Villager (Male) |
| 3:32 | Queue | Villager (Male) |
| 3:51 | Build | House |
| 3:51 | Build | House |
| 4:00 | Queue | Villager (Male) |
| 4:00 | Queue | Villager (Male) |
| 4:27 | Build | Barracks |
| 4:38 | Queue | Villager (Male) |
| 4:43 | Queue | Villager (Male) |
| 4:57 | Build | House |
| 5:23 | Queue | Militia |
| 5:24 | Queue | Militia |
| 5:29 | Queue | Militia |
| 5:47 | Queue | Villager (Male) |
| 5:56 | Build | House |
| 6:32 | Build | Mill |
| 6:36 | Queue | Villager (Male) |
| 6:43 | Queue | Villager (Male) |
| 7:04 | Queue | Villager (Male) |
| 7:18 | Build | House |
| 7:49 | Build | Mining Camp |
| 7:51 | Queue | Villager (Male) |
| 8:13 | Queue | Villager (Male) |
| 8:24 | Queue | Villager (Male) |
| 8:39 | Queue | Villager (Male) |
| 9:01 | Research | Loom |
| 9:05 | Research | Feudal Age |
| 9:05 | Research | Feudal Age |
| 9:26 | Build | House |
| 9:29 | Build | Palisade Wall |
| 9:35 | Build | House |
| 9:37 | Build | Palisade Wall |
| 9:55 | Build | Farm |
| 9:56 | Build | House |
| 9:58 | Build | Palisade Wall |
| 10:16 | Build | Palisade Wall |
| 10:22 | Queue | Villager (Male) |
| 10:25 | Build | House |
| 10:27 | Build | Palisade Wall |
| 10:36 | Build | Farm |
| 10:38 | Build | Farm |
| 11:07 | Build | Palisade Wall |
| 11:08 | Build | House |
| 11:36 | Queue | Villager (Male) |
| 11:45 | Age | Feudal Age |
| 11:49 | Build | Archery Range |
| 12:34 | Queue | Villager (Male) |
| 12:38 | Build | Blacksmith |
| 12:43 | Build | Farm |
| 12:45 | Queue | Villager (Male) |
| 12:45 | Queue | Villager (Male) |
| 12:46 | Queue | Archer |
| 12:47 | Queue | Archer |
| 12:48 | Queue | Villager (Male) |
| 13:09 | Build | Farm |
| 13:26 | Queue | Archer |
| 14:04 | Build | Farm |
| 14:05 | Build | Farm |
| 14:17 | Queue | Villager (Male) |
| 14:19 | Research | Castle Age |
| 14:21 | Queue | Archer |
| 14:38 | Research | Double-Bit Axe |
| 14:39 | Research | Double-Bit Axe |
| 15:04 | Research | Horse Collar |
| 15:04 | Research | Horse Collar |
| 15:06 | Queue | Archer |
| 15:06 | Queue | Archer |
| 15:49 | Build | Farm |
| 15:51 | Build | Farm |
| 15:53 | Research | Fletching |
| 15:54 | Research | Fletching |
| 15:54 | Queue | Archer |
| 16:02 | Build | Palisade Gate |
| 16:09 | Queue | Archer |
| 16:32 | Queue | Archer |
| 16:59 | Age | Castle Age |
| 17:03 | Research | Crossbowman (upgrade) |
| 17:03 | Research | Bodkin Arrow |
| 17:05 | Queue | Villager (Male) |
| 17:11 | Build | Farm |
| 17:14 | Build | Farm |
| 17:19 | Queue | Villager (Male) |
| 17:36 | Build | Siege Workshop |
| 17:41 | Queue | Archer |
| 17:55 | Queue | Villager (Male) |
| 18:04 | Queue | Archer |
| 18:15 | Build | Farm |
| 18:17 | Build | Farm |
| 18:19 | Queue | Villager (Male) |
| 18:22 | Queue | Archer |
| 18:26 | Build | House |
| 18:32 | Queue | Villager (Male) |
| 18:47 | Queue | Archer |
| 18:49 | Queue | Mangonel |
| 18:55 | Research | Bodkin Arrow |
| 18:56 | Research | Bodkin Arrow |
| 19:00 | Build | Town Center |
| 19:14 | Build | House |
| 19:24 | Build | Farm |
| 19:24 | Queue | Villager (Male) |
| 19:25 | Queue | Villager (Male) |
| 19:36 | Queue | Villager (Male) |
| 20:13 | Queue | Villager (Male) |
| 20:13 | Queue | Villager (Male) |
| 20:14 | Queue | Villager (Male) |
| 20:21 | Queue | Mangonel |
| 20:24 | Queue | Archer |
| 20:36 | Queue | Villager (Male) |
| 20:37 | Queue | Villager (Male) |
| 20:50 | Queue | Villager (Male) |
| 20:51 | Queue | Villager (Male) |
| 21:01 | Queue | Archer |
| 21:03 | Queue | Villager (Male) |
| 21:19 | Queue | Villager (Male) |
| 21:29 | Queue | Villager (Male) |
| 21:32 | Queue | Mangonel |
| 21:42 | Build | House |
| 21:44 | Queue | Archer |
| 21:56 | Queue | Villager (Male) |
Match timeline
| 4:27 | Antymon · first_building Barracks |
| 8:21 | PNAL | Miller · first_building Barracks |
| 8:33 | PNAL | Miller · wall_segment Palisade Wall x1 |
| 8:37 | PNAL | Miller · wall_segment Palisade Wall x1 |
| 8:38 | PNAL | Miller · wall_segment Palisade Wall x1 |
| 9:01 | PNAL | Miller · wall_segment Palisade Wall x1 |
| 9:16 | PNAL | Miller · age_up feudal |
| 9:29 | Antymon · wall_segment Palisade Wall x8 |
| 9:35 | PNAL | Miller · wall_segment Palisade Wall x1 |
| 9:36 | PNAL | Miller · wall_segment Palisade Wall x1 |
| 9:37 | Antymon · wall_segment Palisade Wall x6 |
| 9:46 | PNAL | Miller · first_building Archery Range |
| 9:58 | Antymon · wall_segment Palisade Wall x17 |
| 9:59 | PNAL | Miller · wall_segment Palisade Wall x1 |
| 10:01 | PNAL | Miller · wall_segment Palisade Wall x1 |
| 10:16 | Antymon · wall_segment Palisade Wall x3 |
| 10:18 | PNAL | Miller · wall_segment Palisade Wall x1 |
| 10:19 | PNAL | Miller · wall_segment Palisade Wall x1 |
| 10:23 | PNAL | Miller · wall_segment Palisade Wall x1 |
| 10:27 | Antymon · wall_segment Palisade Wall x3 |
| 11:01 | PNAL | Miller · wall_segment Palisade Wall x9 |
| 11:07 | Antymon · wall_segment Palisade Wall x5 |
| 11:10 | PNAL | Miller · wall_segment Palisade Wall x9 |
| 11:45 | Antymon · age_up feudal |
| 11:49 | Antymon · first_building Archery Range |
| 13:30 | PNAL | Miller · wall_segment Palisade Wall x11 |
| 15:16 | PNAL | Miller · wall_segment Palisade Wall x1 |
| 15:27 | PNAL | Miller · wall_segment Palisade Wall x1 |
| 16:24 | PNAL | Miller · first_market_sell 100 wood |
| 16:44 | PNAL | Miller · first_building Stable |
| 16:59 | Antymon · age_up castle |
| 17:36 | Antymon · first_building Siege Workshop |
| 19:07 | PNAL | Miller · age_up castle |
| 19:17 | PNAL | Miller · first_market_buy 100 stone |
| 19:35 | PNAL | Miller · wall_segment Stone Wall x10 |
| 21:30 | PNAL | Miller · first_building Siege Workshop |
| 21:33 | PNAL | Miller · wall_segment Stone Wall x1 |
| 21:38 | PNAL | Miller · wall_segment Stone Wall x7 |
| 22:10 | PNAL | Miller · resign |
[ AI ANALYSIS · 1 CREDIT ]
What really happened in this match?
Wolo.gg analyzes every decision: build order, eco, micro, common mistakes by bracket. Personalized analysis on WhatsApp or Discord in 30 seconds.
Civ guide
Wei
Perfil
Jugador #4198666